 Dungeon Crawl Stone Soup version 0.30-a0-459-g9104f0fc43 (webtiles) character file.

Game seed: 326517992059445688

2614 tilp the Carver (level 10, 0/84 HPs)
             Began as a Meteoran Fighter on Dec 15, 2022.
             Was a Believer of Okawaru.
             Killed from afar by an electric eel (5 damage)
             ... with a bolt of electricity
             ... on level 8 of the Dungeon.
             The game lasted 00:17:31 (2694 turns).

tilp the Carver (Meteoran Fighter)                  Turns: 2694, Time: 00:17:32

Health: 0/84       AC: 24    Str: 18    XL:     10   Next: 13%
Magic:  0/13       EV: 10    Int: 10    God:    Okawaru [**....]
Gold:   32         SH: 12    Dex: 18    Spells: 9/9 levels left

rFire   + . .      SeeInvis .    b - +1 scimitar (protect)
rCold   + . .      Faith    .    x - +0 kite shield
rNeg    . . .      Spirit   +    m - +0 plate armour
rPois   .          Reflect  .    o - +2 helmet
rElec   .          Harm     .    (no cloak)
rCorr   .          Rampage  .    (no gloves)
Will    +....                    (no boots)
Stlth   ..........               F - amulet of guardian spirit
HPRegen 0.34/turn                t - ring of protection from fire
MPRegen 0.13/turn                e - ring of protection from cold

@: heroic, under a protective aura, glowing
A: sense surroundings 2, otherworldly, glowing, explore regen
a: Renounce Religion, Heroism


You were on level 8 of the Dungeon.
You worshipped Okawaru.
Okawaru was pleased with you.
You visited 2 branches of the dungeon, and saw 9 of its levels.
You also visited: Sewer.

You collected 207 gold pieces.
You spent 175 gold pieces at shops.

Inventory:

Hand Weapons
 a - a +0 long sword
 b - a +1 scimitar of protection (weapon)
Missiles
 g - 2 boomerangs (quivered)
 j - 3 atropa-tipped darts
 H - 5 silver javelins
 J - 2 javelins
Armour
 c - a +0 buckler
 m - a +0 plate armour (worn)
 o - a +2 helmet (worn)
 x - a +0 kite shield (worn)
 z - a +0 scale mail
Jewellery
 e - a ring of protection from cold (right hand)
 s - a ring of see invisible
 t - a ring of protection from fire (left hand)
 F - an amulet of guardian spirit (around neck)
Wands
 n - a wand of digging (4)
 q - a wand of flame (7)
Scrolls
 h - a scroll of fog
 l - 2 scrolls of amnesia
 r - a scroll of magic mapping
 u - a scroll of enchant weapon {unknown}
 y - a scroll of identify
 B - a scroll of torment
 G - a scroll of teleportation
Potions
 d - 4 potions of might
 f - a potion of heal wounds
 i - a potion of magic {unknown}
 k - 2 potions of ambrosia
 p - a potion of cancellation {unknown}
 v - 2 potions of curing
 w - 4 potions of mutation
 A - a potion of resistance {unknown}
 C - 2 potions of haste
 D - 2 potions of degeneration {unknown}
 E - a potion of attraction {unknown}
 I - a potion of brilliance {unknown}


   Skills:
 + Level 6.9(11.9) Fighting
 + Level 8.9(13.9) Long Blades
 - Level 4.0(9.0) Armour
 + Level 7.0(12.0) Dodging
 - Level 2.0(7.0) Stealth
 + Level 5.5(10.5) Shields
 + Level 3.8 Invocations
 - Level 4.0 Evocations


You had 9 spell levels left.
You didn't know any spells.
Your spell library contained the following spells:

 Spells                   Type           Power      Damage    Failure   Level
 Ignite Poison            Fire/Tmut/Pois 0%         N/A       100%        3
 Kindle Blastsparks       Fire/Tloc/Air  0%         2d10      100%        3
 Portal Projectile        Hex/Tloc       0%         N/A       100%        3
 Sticky Flame             Conj/Fire      0%         2d3       100%        4
 Blade Hands              Tmut           0%         N/A       100%        5
 Freezing Cloud           Conj/Ice/Air   0%         6-21      100%        5
 Ignition                 Fire           0%         3d3       100%        8
 Tukima's Dance           Hex            Unusable   N/A       N/A         3

Dungeon Overview and Level Annotations

Branches:
Dungeon (8/15) Zot: 2326   Temple (1/1) D:5 Zot: 554    Lair (0/5) D:8
  Sewer (visited)

Altars:
Cheibriados
Elyvilon
Fedhas
Hepliaklqana
Kikubaaqudgha
Makhleb
Okawaru
Ru
Sif Muna
Trog
Uskayaw
Vehumet
Wu Jian
Xom
The Shining One

Shops:
D:3 (   D:6 :

Annotations:
D:6 cyclops!


Innate Abilities, Weirdness & Mutations

You passively map the area around you.
You are easily found by Zot.
You glow in the dark.
You regain HP and MP as you explore.


Message History

The gargoyle is lightly damaged.
The gargoyle hurls a stone arrow at you.
The stone arrow hits you!!
You hit the gargoyle but do no damage.
The gargoyle is lightly damaged.
The gargoyle hurls a stone arrow at you.
The stone arrow hits you!
* * * LOW HITPOINT WARNING * * *
Unknown command.
You gain the combat prowess of a mighty hero.
The electric eel shoots out a bolt of lightning at you!
The bolt of electricity hits the gargoyle.
The gargoyle resists.
The bolt of electricity hits you!
* * * LOW HITPOINT WARNING * * *
You block the gargoyle's attack.
Unknown command.
You hit the gargoyle but do no damage.
The gargoyle is lightly damaged.
You block the gargoyle's attack.
Unknown command.
You slash the gargoyle!
The gargoyle is heavily damaged.
The gargoyle hurls a stone arrow at you.
The stone arrow hits you!
* * * LOW HITPOINT WARNING * * *
Unknown command.
You don't have enough magic at the moment.
Unknown command.
You barely miss the gargoyle.
The gargoyle is heavily damaged.
The gargoyle hurls a stone arrow at you.
You block the stone arrow.
Unknown command.
You hit the gargoyle but do no damage.
The gargoyle is heavily damaged.
You block the gargoyle's attack.
The electric eel shoots out a bolt of lightning at you!
The bolt of electricity hits the gargoyle.
The gargoyle resists.
The bolt of electricity hits you.
You die...

...#... , * #..#.. , #..#.
,* , ≈~ #...# * ≈≈ , ~ ~
####..###### * .~≈ ~
........)..# ≈≈≈~ ~~
.#.........# ,.≈≈≈.
.#...†.....########.~~≈h~
,, ~
.#†#.#..........@9.S~~≈≈~
,,,
<#.#..........#####≈≈≈≈≈~,
,~ ...#......###..# ,
≈≈≈h. > ~
.................. ~≈≈≈~ ,
~ ##.##............# ~≈≈.
, ~ ................>.. ~
≈~ ##.##.........#####. ,
≈ .........#.... , ~ #.# ,
* ~,~


You could see a gargoyle, a wolf, a hound and an electric eel.

Vanquished Creatures
  A wyvern (D:8)
  2 steam dragons
  A water moccasin (D:7)
  An orc warrior (D:7)
  A black bear (D:4)
  3 ogres
  A wolf (D:8)
  A centaur (D:6)
  2 bullfrogs
  3 scorpions
  4 necrophages
  A gnoll sergeant (D:6)
  6 killer bees (D:8)
  An electric eel (D:8)
  An orc priest (D:7)
  3 hounds
  6 jellies
  2 orc wizards
  4 gnolls (D:6)
  8 adders
  A river rat (Sewer)
  3 white imps
  3 worms
  2 dart slugs
  11 orcs
  9 ball pythons
  14 endoplasms
  2 giant cockroaches
  2 goblins
  5 hobgoblins
  A jackal (D:4)
  2 quokkas
  7 bats
  5 frilled lizards
  7 kobolds
  7 rats
133 creatures vanquished.

Vanquished Creatures (others)
  A sky beast (D:6)
1 creature vanquished.

Grand Total: 134 creatures vanquished

Notes
Turn   | Place    | Note
-------+----------+-------------------------------------------
     0 | D:1      | tilp the Meteoran Fighter began the quest for the Orb.
     0 | D:1      | Reached XP level 1. HP: 19/19 MP: 2/2
    32 | D:1      | Reached XP level 2. HP: 21/26 MP: 3/3
   162 | D:2      | Reached XP level 3. HP: 31/31 MP: 4/4
   200 | D:2      | Reached skill level 1 in Dodging
   311 | D:3      | Reached XP level 4. HP: 39/39 MP: 5/5
   346 | D:3      | Found a radiant altar of Vehumet.
   358 | D:3      | Reached skill level 3 in Long Blades
   406 | D:4      | Noticed an ogre
   417 | D:4      | Killed an ogre
   418 | D:4      | Reached skill level 1 in Stealth
   418 | D:4      | Reached XP level 5. HP: 8/46 MP: 6/6
   578 | D:4      | Noticed a black bear
   586 | D:4      | Killed a black bear
   587 | D:4      | Reached skill level 4 in Long Blades
   587 | D:4      | Reached skill level 1 in Evocations
   587 | D:4      | Reached XP level 6. HP: 33/52 MP: 7/7
   600 | D:5      | Entered Level 5 of the Dungeon
   601 | D:5      | Noticed an ogre
   619 | D:5      | Killed an ogre
   620 | D:5      | Reached XP level 7. HP: 4/60 MP: 8/8
   735 | D:6      | Found Qeom's Book Shop.
   749 | D:6      | Reached skill level 5 in Long Blades
   761 | D:6      | Reached skill level 5 in Fighting
   821 | D:6      | Reached XP level 8. HP: 44/68 MP: 9/9
   896 | D:6      | Found a glowing drain.
   901 | Sewer    | Entered a sewer
   994 | Sewer    | Reached skill level 6 in Long Blades
  1025 | Sewer    | Reached skill level 5 in Dodging
  1051 | Sewer    | Found a viscous altar of Jiyva.
  1363 | D:3      | Found Huhune's Antique Weapon Shoppe.
  1477 | D:4      | Identified the +1 robe of the Turtledove {Rampage rN+++
                  | Str-3 Stlth+}
  1652 | D:4      | Found a glowing golden altar of the Shining One.
  1694 | D:4      | Reached skill level 7 in Long Blades
  1868 | D:5      | Found a staircase to the Ecumenical Temple.
  1880 | Temple   | Entered the Ecumenical Temple
  1905 | Temple   | Became a worshipper of Warmaster Okawaru
  1938 | D:5      | Gained mutation: You passively map the area around you.
                  | [Meteoran growth]
  1938 | D:5      | Reached XP level 9. HP: 72/75 MP: 8/10
  2140 | D:6      | Reached skill level 8 in Long Blades
  2276 | D:7      | Reached skill level 1 in Invocations
  2294 | D:7      | Reached * piety under Okawaru
  2407 | D:6      | Noticed a cyclops
  2486 | D:3      | Bought a runed scimitar for 175 gold pieces
  2547 | D:7      | Found an ornate altar of the Wu Jian Council.
  2596 | D:8      | Reached skill level 5 in Shields
  2623 | D:8      | Reached ** piety under Okawaru
  2624 | D:8      | Reached XP level 10. HP: 77/84 MP: 11/13
  2681 | D:8      | Noticed a gargoyle
  2694 | D:8      | Killed from afar by an electric eel

Illustrated notes

Levels and vault maps discovered:
D:1:      co_arrival_square_in_a_square_in_a_square, layout_rooms,
          ebering_ecumenical_altar_box
D:2:      layout_loops_corners, minmay_puff, uniq_crazy_yiuf_cottage
D:3:      layout_rooms, vehumet_altar_wand_db, serial_shops, shop_fountains,
          grunt_decor_clamped, kennysheep_cross_room
D:4:      layout_basic, kennysheep_small_spiral, minmay_ruined_shrine
D:5:      layout_loops_ring, temple_green
D:6:      layout_basic, portal_sewer_entry_e, serial_shops, shop, uniq_pikel
D:7:      layout_basic, nicolae_wu_jian_wuxing_cycle
D:8:      layout_basic, erik_lair_island
Temple:   nicolae_temple_bog_church

Skill      XL: |  1  2  3  4  5  6  7  8  9 10 |
---------------+-------------------------------+-----
Dodging        | 1 2 3 4 6 7 |  7.0
Shields        | 4 5 |  5.5
Armour         | 4 |  4.0
Long Blades    | 3 4 5 7 8 |  8.9
Fighting       | 4 5 6 |  6.9
Stealth        | 1 2 |  2.0
Evocations     | 1 2 3 4 |  4.0
Invocations    | 3 |  3.8

Action                   |  1- 3 |  4- 6 |  7- 9 | 10-12 || total
-------------------------+-------+-------+-------+-------++-------
Melee: Long sword        |    61 |    64 |   315 |       ||   440
       Scimitar          |       |       |    27 |    37 ||    64
Throw: Dart              |       |     3 |       |       ||     3
Invok: Heroism           |       |       |       |     1 ||     1
Evoke: Wand              |       |       |       |     1 ||     1
  Use: Scroll            |       |       |    17 |       ||    17
       Potion            |       |       |     4 |       ||     4
 Stab: Invisible         |       |     1 |       |       ||     1
Armor: Scale mail        |    10 |       |       |       ||    10
       Plate armour      |    27 |    63 |   232 |    23 ||   345
Dodge: Dodged            |    23 |    17 |    66 |     6 ||   112
Block: Buckler           |    14 |    23 |    74 |       ||   111
       Kite shield       |       |       |    78 |    29 ||   107

Table legend: (Time is in decaauts)
 A = Elapsed time spent in this place.
 B = Non-inter-level travel time spent in this place.
 C = Inter-level travel time spent in this place.
 D = Time resting spent in this place.
 E = Time spent auto-exploring this place.
 F = Levels seen in this place.
 G = Mean time per level.
                   A        B        C        D        E       F      G
               +--------+--------+--------+--------+--------+-----+--------+
         Total |   2787 |   2451 |    336 |      0 |      0 |  10 |  278.7 |
       Dungeon |   2472 |   2155 |    317 |      0 |      0 |   8 |  309.0 |
        Temple |     45 |     26 |     19 |      0 |      0 |   1 |   45.0 |
         Sewer |    269 |    269 |      0 |      0 |      0 |   1 |  269.0 |
               +--------+--------+--------+--------+--------+-----+--------+

Top non-repeatable levels by time:
     D:4: 612 daAuts
     D:5: 534 daAuts
     D:6: 432 daAuts
     D:7: 277 daAuts
   Sewer: 269 daAuts
     D:3: 222 daAuts
     D:2: 146 daAuts
     D:1: 133 daAuts
     D:8: 114 daAuts
  Temple: 45 daAuts
